Cogmind - Beta 10.2 @@@ ROGUE MODE // 2020.12.16 @ 10:15:37 Player: Perseus Result: Destroyed by as-70659 with Assembled Heavy Rifle Performance ------------- Evolutions (0) 0 Regions Visited (2) 400 Robots Destroyed (13) 65 Value Destroyed (180) 180 Prototype IDs (0) 0 Alien Tech Used (0) 0 Bonus (0) 0 TOTAL SCORE: 645 Bonus ------- None Cogmind --------- Core Integrity 0/250 Matter 300/300 Energy 72/100 System Corruption 8% Temperature Cool (1) Movement Walking (120) Location -10/Mines Parts ------- > --- POWER (1) -------- (None) > --- PROPULSION (2) --- Aluminum Leg > --- UTILITY (2) ------ (None) > --- WEAPON (2) ------- (None) > --- INVENTORY (4) ---- (None) Peak State ------------ > --- POWER ------------ Ion Engine > --- PROPULSION ------- Aluminum Leg Aluminum Leg > --- UTILITY ---------- Improved Terrain Scanner Seismic Analyzer > --- WEAPON ----------- Medium Laser Small Laser > --- INVENTORY -------- Light Ion Engine Small Storage Unit EM Pulse Gun [Rating: 8] Favorites ----------- Power Ion Engine Engine Ion Engine Propulsion Aluminum Leg Leg Aluminum Leg Utility Improved Terrain Scanner Device Improved Terrain Scanner Processor Seismic Analyzer Weapon Small Laser Energy Gun Small Laser Special Melee Weapon Datajack Build | -11 -10 -10 ------- Run | Scr Mat Min Slots Evolved . | . . . Power . | . . . Propulsion . | . . . Utility . | . . . Weapon . | . . . Parts Attached 18 | 6 7 5 Power 2 | 1 . 1 Engine 2 | 1 . 1 Core . | . . . Reactor . | . . . Propulsion 7 | 2 4 1 Treads . | . . . Leg 7 | 2 4 1 Wheel . | . . . Hover . | . . . Flight . | . . . Utility 2 | 1 1 . Device 1 | 1 . . Storage . | . . . Processor 1 | . 1 . Hackware . | . . . Protection . | . . . Artifact . | . . . Weapon 7 | 2 2 3 Energy Gun 6 | 2 2 2 Energy Cannon . | . . . Ballistic Gun . | . . . Ballistic Cannon . | . . . Launcher . | . . . Special Weapon . | . . . Impact Weapon . | . . . Slashing Weapon . | . . . Piercing Weapon . | . . . Special Melee Weapon 1 | . . 1 Unidentified Prototypes . | . . . Parts Lost 11 | . 1 10 Power 2 | . . 2 Propulsion 2 | . . 2 Utility 2 | . . 2 Weapon 5 | . 1 4 Highest Loss Streak 10 | . 1 10 Average Slot Usage (%) 92 | . 98 83 Engine 12 | . 14 10 Leg 28 | . 28 28 Device 14 | . 14 14 Processor 11 | . 14 7 Energy Gun 24 | . 26 20 Naked Turns . | . . . Heaviest Build 9 | 9 9 9 Greatest Support 20 | 20 20 20 Greatest Overweight (x) . | . . . Average Overweight (x) . | . . . Largest Inventory Capacity 4 | 4 4 4 Average Capacity 4 | 4 4 4 Most Carried 4 | 4 4 4 Average Carried 3 | 3 3 3 Final Capacity 4 | 4 4 4 Final Carried 4 | 4 4 . Class Distribution -------------------- 80% | Mutant 19% | Scavenger-Mutant Dominant Class ---------------- Mutant | -10/Materials Scavenger-Mutant | -10/Mines Resources | -11 -10 -10 ----------- Run | Scr Mat Min Matter Collected 325 | 260 65 . Remotely . | . . . Salvage Created 467 | 201 219 47 Parts 29 | 18 11 . Haulers Intercepted . | . . . Recyclers Shooed . | . . . Parts Field Recycled . | . . . Retrieved Matter . | . . . Parts Self-Destructed . | . . . Prevented . | . . . Kills | -11 -10 -10 ------- Run | Scr Mat Min Combat Hostiles Destroyed 6 | . 3 3 Melee 1 | . . 1 Guns 5 | . 3 2 Classes Destroyed 6 | 3 2 1 Worker 2 | 2 . . Tunneler 5 | 5 . . Recycler 2 | 1 1 . Watcher 1 | . 1 . Grunt 3 | . 3 . Assembled 3 | . . 3 Best Kill Streak 6 | 6 2 1 Combat Bots Only 1 | . 1 1 Max Kills in Single Turn 1 | 1 1 1 Gunslinging . | . . . Exploded . | . . . Melee 1 | . . 1 Uniques/NPCs Destroyed . | . . . Combat | -11 -10 -10 -------- Run | Scr Mat Min Damage Taken 892 | . 270 622 Core 259 | . 99 160 Absorbed by Shields . | . . . Core Remaining (%) 100 | 100 . . Volleys Fired 59 | 23 20 16 Largest 2 | 2 2 2 Hottest 90 | 90 90 80 Shots Fired 103 | 44 36 23 Gun 103 | 44 36 23 Cannon . | . . . Launcher . | . . . Special . | . . . Kinetic . | . . . Thermal 90 | 44 26 20 Explosive . | . . . Electromagnetic 13 | . 10 3 Robot Hit Streak 5 | 5 3 4 Robot Miss Streak 3 | 2 2 3 Penetration Max . | . . . Secondary Targets 1 | . . 1 Max Gunslinging Chain 1 | . . 1 Shots Hit Robots 60 | 26 21 13 Core Hits 30 | 9 11 10 Critical Hits . | . . . Critical Kills . | . . . Critical Parts Destroyed . | . . . Melee Attacks 1 | . . 1 Impact . | . . . Slashing . | . . . Piercing . | . . . Sneak Attacks . | . . . Combat Hostiles . | . . . Follow-up Attacks . | . . . Damage Inflicted 691 | 266 302 123 Guns 626 | 266 249 111 Cannons . | . . . Explosions 53 | . 53 . Melee . | . . . Ramming 12 | . . 12 Kinetic . | . . . Thermal 605 | 266 239 100 Explosive . | . . . Electromagnetic 74 | . 63 11 Impact . | . . . Slashing . | . . . Piercing . | . . . Highest Corruption 8 | . . 8 Average Corruption 7 | . . 7 Corruption Purged . | . . . Effects 6 | . . 6 Message Errors 2 | . . 2 Heat Flow Errors 1 | . . 1 Energy Discharges 1 | . . 1 Parts Rejected 1 | . . 1 Weapon Failures 1 | . . 1 Overload Shots . | . . . Overflow Damage . | . . . Projectiles . | . . . Explosions . | . . . Melee . | . . . Knockbacks . | . . . Impact . | . . . Kinetic . | . . . Secondary . | . . . Self-Inflicted Damage 36 | . 34 2 Shots 1 | . 1 . Rammed 7 | . . 7 Targets Rammed 11 | . . 11 Kicked 4 | . . 4 Crushed . | . . . Highest Temperature 219 | 162 219 172 Average Temperature 82 | 77 86 86 Received Heat Transfer 135 | . 135 . Siege Activations . | . . . Robots Corrupted . | . . . Combat Hostiles . | . . . Parts Fried . | . . . Impact Corruptions . | . . . Robots Melted . | . . . Combat Hostiles . | . . . Parts Melted 1 | . 1 . Heat Transferred 1465 | 730 510 225 Parts Sabotaged . | . . . Parts Stolen . | . . . Parts Stripped . | . . . Power Chain Reactions 1 | . 1 . Missiles Intercepted . | . . . Alert | -11 -10 -10 ------- Run | Scr Mat Min Peak Influence 183 | 40 183 70 Initial 70 | . 26 70 Average 63 | 15 96 48 Maximum Alert Level . | . . . Low Security (%) 100 | 100 100 100 Level 1 . | . . . Level 2 . | . . . Level 3 . | . . . Level 4 . | . . . Level 5 . | . . . High Security . | . . . Max Security . | . . . Squads Dispatched 2 | . 2 . Investigation 1 | . 1 . Extermination . | . . . Reinforcement 1 | . 1 . Assault . | . . . Garrison . | . . . Intercept . | . . . Construction Impeded . | . . . Haulers Reinforced . | . . . Stealth | -11 -10 -10 --------- Run | Scr Mat Min Distress Signals 2 | . 1 1 Communications Jammed . | . . . Distress Signals . | . . . Times Spotted 14 | . 8 6 Peak Tracking Total 5 | . 4 5 Tactical Retreats 3 | . 1 2 Traps | -11 -10 -10 ------- Run | Scr Mat Min Traps Triggered . | . . . Indirectly . | . . . Trap Hack Attempts . | . . . Triggered . | . . . Disarmed . | . . . Reprogrammed . | . . . Reused . | . . . Traps Extracted . | . . . Installed . | . . . Triggered . | . . . Machines | -11 -10 -10 ---------- Run | Scr Mat Min Machines Disabled . | . . . Max in Single Turn . | . . . Machines Sabotaged . | . . . Garrisons Compromised . | . . . Overloaded Fab Kills . | . . . Fab Network Shutdowns . | . . . Hacking | -11 -10 -10 --------- Run | Scr Mat Min Machines Accessed 2 | . 2 . Terminals 1 | . 1 . Fabricators . | . . . Repair Stations . | . . . Recycling Units 1 | . 1 . Scanalyzers . | . . . Garrison Access . | . . . Total Hacks 3 | . 3 . Successful 2 | . 2 . Failed 1 | . 1 . Catastrophic . | . . . Database Lockouts . | . . . Manual 2 | . 2 . Terminals 2 | . 2 . Fabricators . | . . . Repair Stations . | . . . Recycling Units 1 | . 1 . Scanalyzers . | . . . Garrison Access . | . . . Terminal Hacks 1 | . 1 . Hauler Manifests 1 | . 1 . Fabricator Hacks . | . . . Repair Station Hacks . | . . . Recycling Unit Hacks . | . . . Scanalyzer . | . . . Garrison Access Hacks . | . . . Unauthorized Hacks 1 | . 1 . Terminals . | . . . Fabricators . | . . . Repair Stations . | . . . Recycling Units 1 | . 1 . Tunnel 1 | . 1 . Scanalyzers . | . . . Garrison Access . | . . . Data Cores Recovered . | . . . Used . | . . . Hacking Detections 1 | . 1 . Full Trace Events . | . . . Feedback Events . | . . . Feedback Blocked . | . . . Robot Schematics Acquired . | . . . Robots Built . | . . . Matter . | . . . Time . | . . . Total Robot Build Rating . | . . . Part Schematics Acquired . | . . . Parts Built . | . . . Matter . | . . . Time . | . . . Total Part Build Rating . | . . . Parts Repaired . | . . . Time . | . . . Parts Recycled . | . . . Recycled Matter . | . . . Retrieved Matter . | . . . Retrieved Components . | . . . Parts Scanalyzed . | . . . Part Schematics Acquired . | . . . Parts Damaged . | . . . Bothacking | -11 -10 -10 ------------ Run | Scr Mat Min Used RIF Installer . | . . . Robots Hacked 1 | . . 1 Non-combat . | . . . Combat 1 | . . 1 Robot Hacks Applied 1 | . . 1 parse_system 1 | . . 1 Relay Couplers Released . | . . . Robots Rewired . | . . . Allies Hacked . | . . . Hacks Repelled . | . . . Allies | -11 -10 -10 -------- Run | Scr Mat Min Total Allies . | . . . Largest Group . | . . . Highest-Rated Group . | . . . Highest-Rated Ally . | . . . Total Orders . | . . . Ally Attacks . | . . . Total Damage . | . . . Kills . | . . . Allies Corrupted . | . . . Allies Melted . | . . . Intel | -11 -10 -10 ------- Run | Scr Mat Min Robot Analysis Total . | . . . Derelict Logs Recovered . | . . . Drone Launches . | . . . Drone Recoveries . | . . . Exploration | -11 -10 -10 ------------- Run | Scr Mat Min Turns Passed 636 | 150 306 180 Spaces Moved 332 | 55 185 92 Core 12 | 12 . . Treads . | . . . Legs 320 | 43 185 92 Wheels . | . . . Hover . | . . . Flight . | . . . Fastest Speed 50 | 50 120 120 Average Speed 117 | 104 120 120 Slowest Speed 120 | 120 120 120 Overloaded Moves . | . . . Propulsion Burnouts . | . . . Robots Hopped . | . . . Cave-ins Triggered . | . . . Exploration Rate (%) 22 | 4 38 25 Regions Visited 2 Branch Regions 1 Pre-discovered Areas 1 | . 1 . Known Exits Taken . | . . . Unknown Exits Taken 2 | 1 1 . Scrap Searched . | . . . Spaces Dug . | . . . Terrain Destroyed . | . . . Melee . | . . . Projectile . | . . . AOE . | . . . Terrain Rammed . | . . . Walls Destroyed . | . . . Machines Disabled . | . . . Actions | -11 -10 -10 --------- Run | Scr Mat Min Total 474 | 103 236 135 Wait 35 | 10 16 9 Move 330 | 54 184 92 Hop . | . . . Pick Up 14 | 10 3 1 Fast Attach . | . . . Attach 13 | 6 2 5 Detach . | . . . Swap 5 | . 5 . Drop 6 | . 6 . Fire 59 | 23 20 16 Melee 1 | . . 1 Ram . | . . . Kick 11 | . . 11 Crush . | . . . Escape Stasis . | . . . Rewire . | . . . Trap . | . . . Miscellaneous . | . . . Route ------- -11/Scrapyard -10/Materials (discovered 2 exits: [*Mat] / [*Min]) -10/Mines History --------- Turn | Location | Event 6 | -11/Scrapyard | Discovered new exit (range 16) 151 | -11/Scrapyard | Entered Materials 227 | -10/Materials | Discovered new exit (range 8) 305 | -10/Materials | Build established: Mutant 380 | -10/Materials | Discovered new exit (range 16) 457 | -10/Materials | Entered Mines 458 | -10/Mines | Assembled infested the area 543 | -10/Mines | Received a Rocket Launcher from a helpful Derelict 547 | -10/Mines | Core integrity fell below 50% 620 | -10/Mines | Core integrity fell below 20% 637 | -10/Mines | Destroyed by as-70659 with Assembled Heavy Rifle Last Messages --------------- 00601_ K-01 Serf destroyed. 00614_ Aluminum Leg destroyed. 00618_ 9R DH%WUC7YO:R |ZDNQ4MHGDO/TDW9RE#DN 0, 00619_ Jacked as-56477... >>parse_system Reading system data... 00621_ Kicked as-56477 out of the way. 00622_ Slammed into as-56477. 00623_ Datajack destroyed. 00624_ Slammed into as-56477. 00625_ Lgt. Ion Engine destroyed. 00625_ Slammed into as-56477. 00626_ Kicked as-56477 out of the way. 00628_ Slammed into as-56477. 00630_ Imp. Terrain Scanner destroyed. 00630_ Aluminum Leg destroyed. 00631_ Kicked as-56477 out of the way. 00632_ Slammed into as-56477. 00633_ as-56477 destroyed. 00635_ System corrupted: Energy discharge (-34). Map ----- +----------------------------------------------------+ | ????????? ??????? ??????????????????? | | ?????????????????????#?? ????#???????? | | ?????????????# ??????# #????#??????? | | ????????????????????## ? %? ????????? | | ?????????#?#??????!## ? #?#??#??##?? | | ???? ??????# ?????!% %! ????????#?? | | ?????????#???????? *% ??#?? ????? | | ????????#??#?#???#?# ? # ??#???????# | | ?????? ??#?# ?#???## % # ?####?#???? | | ???? ?###### #####?# %!## # #???? | | ??? ???? #?# % # # ##??? | | ???? ?? !""" #?? ###?? | | ??#??????##%""" ##### # ! #### | | ????????#?#=""" ### # !%* ] | | ??#?????#?# ## #?## ! | | ????????#?# = ## #### * | | ?#?????#######% ### % % % #?#?? | | ?????????#####= #?########### ###???# | | #?????#?## #??#?####??#???#?????? | | ???#???## ## #?#?#????#???? ??????? | | ?##?##?# ## #??#####??#?#????????? | | ????#### #????#??????? ???????? | | ?????#### #???#??#??? ? ?????#? | | #???????## #####?#?##### ?? ????#???? | | ??????#?## a###????????? ???????????? | | ????##?## @####??#??##???? ???????? | | ??????## ####?##?#??? #??????? | | ?##?#?# %%% ##???#?#?? ##?#????? | | ??????# ## % #????###??????????? | | #????## ### #?##?#####????????? | | #?#### ### ##?#??###????# ???? | | ##?## ## #??#?##????#??????? | | ??### ##???#?#????#??????? | | ##?# ####?##?#????????????? | | ???# ###?#?#???????????????? | | ?#?## ##?#########??????????? | | ??### """ ### #????#?????? | | ???## """ #??????????? | | ?##### """ #??????????? | | ?????### #### #??#???????? | | ???????## #####?##########??#???#???? | | ?????##?####???#??#?????????#???#????? | | ???????#??#????????#??????#???#??????? | | ???????#?#???##??????????????????????? | | ????????????????????????#?????#??????? | | | | | | | | | | | +----------------------------------------------------+ Best States ------------- Heat Dissipation 25 Energy Generation 10 Energy Capacity 250 Matter Stores 300 Matter Capacity 300 Sight Range 16 Terrain Scan Range 16 Terrain Scan Density 60 Evasion (%) 50 Item Schematics ----------------- None Robot Schematics ------------------ None Fabricated ------------ Nothing Alien Tech Used ----------------- None Achievements -------------- None Challenges ------------ None Game ------ Seed EnhancedShockTriangulator Manual? 0 Play Time 00:09:14 Cumulative 189.7 hours Start 2020.12.16 @ 10:08:30 End 2020.12.16 @ 10:15:37 Sessions 1 Manual Loads 0 Difficulty Rogue Special Mode None Game No. 58 Rogue 35 Adventurer 23 Explorer 0 Win Type - Total 7 Types 7/0/0/0/0/0/0/0/0 Lore% 82 Gallery% 84 Achievement% 67 Wizard Run 0 Options --------- ASCII 0 Keyboard 0 Movement Mouse Keybinds 0 Fullscreen 1 Font 18/SmallcapsGlow Map View 76x50 Tactical HUD 1 Map Filters NONE Filters NONE Steam 1 RUN: 121f3a7c-4e28-4bb2-bcac-da116f732fc5